[Event "Przeworsk GM norm 2022"]
[Site "Przeworsk"]
[Date "2022.06.03"]
[Round "7.4"]
[White "Fus, Jakub"]
[Black "Neugebauer, Martin"]
[Result "0-1"]
[ECO "E06"]
[WhiteElo "2378"]
[BlackElo "2505"]
[Annotator "TA"]
[PlyCount "120"]
[EventDate "2022.05.30"]
[EventType "tourn"]
[EventCountry "POL"]
[SourceTitle "playchess.com"]
[Source "ChessBase"]
[SourceQuality "1"]
[TimeControl "40/5400+30:1800+30"]

1. d4 Nf6 2. c4 e6 3. Nf3 d5 4. g3 Be7 5. Bg2 O-O 6. O-O c6 7. Nc3 a5 {[%emt 0:02:30] E06: Closed Catalan: Early deviations.} 8. Ne5 Nfd7 9. Nxd7 Nxd7 {[%emt 0:01:37] The position is equal.} 10. b3 b6 11. cxd5 cxd5 12. Nb5 Ba6 13. a4 Nf6 14. Bf4 {[%emt 0:01:16] [#]} Rc8 $146 {[%emt 0:01:08] Inhibits Nc7.} ({Predecessor:} 14... Bxb5 15. axb5 Qd7 16. Qd3 Rfc8 17. Rfc1 Rxc1+ 18. Rxc1 Rc8 19. Rxc8+ Qxc8 20. Bf3 h6 {0-1 (63) Pubantz,J (2286)-Zaragatski,I (2509) Reinstorf 2022}) 15. Rc1 Qd7 16. Qd3 Ba3 17. Ra1 Bb4 18. Rfc1 {[%emt 0:00:09] Against Rc3} h6 19. f3 Rfd8 20. Rxc8 Rxc8 21. Rc1 Rxc1+ 22. Bxc1 Ne8 23. Bf1 Nd6 24. e3 $1 h5 25. Bb2 h4 26. Kf2 hxg3+ 27. hxg3 Bxb5 28. axb5 Qc7 (28... Qd8 $17) 29. Qd1 $15 Nf5 30. f4 Nd6 31. Bd3 Qd7 32. Qe2 f5 33. g4 g6 34. g5 Qh7 $36 {[%emt 0:00:21][%mdl 2048] Black has the initiative.} 35. Kg2 {[%emt 0:02:50] Prevents Qh2+.} Qh4 36. Bc1 Be1 37. Ba3 Ne8 38. Qf3 Kf7 39. Kf1 $2 (39. Be2 $11) 39... Bd2 $1 $19 40. Qf2 {[%emt 0:00:00] Against Qe1+} Qh1+ 41. Ke2 {[%emt 0:01:31] [#]} Qa1 (41... Bc1 $1 $19 42. Bxc1 Qxc1) 42. Kxd2 $17 Qxa3 {[%emt 0:00:11][%mdl 4096] Endgame KQB-KQN} 43. Qh4 $2 {[%emt 0:03:26][%mdl 8192] This move loses the game for White.} (43. Bc2 $17 {was the crucial defense.}) 43... Qxb3 $19 44. Qh7+ Ng7 45. Qh8 Qb2+ 46. Kd1 a4 {[%emt 0:00:15] And now ...a3 would win.} 47. Qc8 a3 {[%emt 0:02:46] aiming for ...a2. Chess con chili.} 48. Qc2 $2 {[%emt 0:00:15] [#]} (48. Qc7+ Kg8 49. Qc8+ Kh7 50. Qc1) 48... Qb4 $1 ({Not} 48... Qxc2+ 49. Kxc2 e5 50. fxe5 $17) 49. Qa2 Ne8 50. Kc2 Nd6 {[%emt 0:00:22] White must now prevent ...Nc4.} 51. Qb3 Qa5 {[%emt 0:00:11] ( -> ...a2)} 52. Kb1 Ke7 53. Ka2 Qd2+ 54. Kb1 $2 (54. Ka1 {is the only way for White.} Qe1+ 55. Ka2 Qxe3 56. Qxa3 Qxd4 57. Kb1) 54... a2+ 55. Ka1 Qxe3 56. Qc3 Kd8 {[%emt 0:03:09] Prevents Qc7+. Threatens to win with ...Nxb5. Black is clearly winning.} 57. Kxa2 Nxb5 58. Qb3 Qd2+ 59. Bc2 (59. Ka1 $142 Nc7 60. Kb1) 59... Qa5+ 60. Kb2 Nxd4 {[%emt 0:00:06] Weighted Error Value: White=0.40/Black=0.15 (very precise)} 0-1

[Event "Przeworsk GM norm 2022"]
[Site "Przeworsk"]
[Date "2022.06.03"]
[Round "7.5"]
[White "Omelja, Artem"]
[Black "Mis, Mieszko"]
[Result "1/2-1/2"]
[ECO "D37"]
[WhiteElo "2515"]
[BlackElo "2388"]
[Annotator "TA"]
[PlyCount "60"]
[EventDate "2022.05.30"]
[EventType "tourn"]
[EventCountry "POL"]
[SourceTitle "playchess.com"]
[Source "ChessBase"]
[SourceQuality "1"]
[TimeControl "40/5400+30:1800+30"]

1. d4 Nf6 2. c4 e6 3. Nf3 d5 4. Nc3 dxc4 5. e3 a6 6. Bxc4 b5 7. Bb3 Bb7 8. O-O c5 {[%emt 0:00:11] The position is equal.} 9. e4 {[%emt 0:00:50] D27: Queen's Gambit Accepted: Classical main line: 7 e4!? and 7 a4.} cxd4 10. Nxd4 Nc6 11. Nxc6 Qxd1 12. Rxd1 {[%emt 0:00:23] [#] Ne5 is the strong threat.} Bxc6 13. f3 Bc5+ 14. Kf1 Ke7 15. Ne2 {[%emt 0:07:35] White wants to play Bg5.} Rhc8 {[%emt 0:08:33] [#]} 16. Bf4 $146 ({Predecessor:} 16. Bg5 h6 17. Rac1 Bb7 18. Bd2 Nd7 19. a4 b4 20. a5 Bd6 21. Nd4 g5 22. Bc4 {½-½ (29) Fremmegaard,J (2151)-Clark,R (2125) ICCF email 2017}) 16... Nd7 17. Rac1 Bb7 18. Bg5+ Ke8 19. Nd4 h6 {[%emt 0:23:33] [#] And now ...Bxd4 would win.} 20. Be3 Bb6 21. Ke2 {[%emt 0:01:23][%cal Od4e6] Threatening Nxe6!} Rxc1 22. Rxc1 Rc8 23. Rxc8+ Bxc8 24. a4 bxa4 25. Bxa4 Ke7 26. b4 Bb7 27. Nc6+ Kd6 28. Na5 Bxa5 29. bxa5 Bc6 30. Bd1 Bb5+ {[%emt 0:00:25] An even fight not without its subleties.  Weighted Error Value: White=0.03 (flawless) /Black=0.03 (flawless)} 1/2-1/2

[Event "Przeworsk GM norm 2022"]
[Site "Przeworsk"]
[Date "2022.06.04"]
[Round "8.1"]
[White "Stefansson, Hannes"]
[Black "Mis, Mieszko"]
[Result "1-0"]
[ECO "B12"]
[WhiteElo "2534"]
[BlackElo "2388"]
[Annotator "TA"]
[PlyCount "79"]
[EventDate "2022.05.30"]
[EventType "tourn"]
[EventCountry "POL"]
[SourceTitle "playchess.com"]
[Source "ChessBase"]
[SourceQuality "1"]
[TimeControl "40/5400+30:1800+30"]

1. e4 c6 2. d4 d5 3. e5 Bf5 4. h4 h5 5. Bd3 Bxd3 6. Qxd3 {[%emt 0:00:12][%cal Oe5e6] B12: Caro-Kann: Advance Variation.} Qa5+ 7. Nd2 {[%emt 0:00:23][%cal Oe5e6] aiming for e6!} e6 8. Ngf3 {[%emt 0:00:31] The position is equal.} Ne7 9. O-O Nf5 10. Nb3 $1 {[%emt 0:00:57][%mdl 4] is now more promising than 10.c4.} Qa6 11. Qd1 Be7 12. g3 Nd7 13. Bg5 Bxg5 14. Nxg5 {[%emt 0:00:11][%cal Bf3g5,Bg5e4,Be4f6][%mdl 32] [#]} Rc8 $146 ({Predecessor:} 14... Qc4 15. c3 a5 16. Qf3 a4 17. Nd2 Qb5 18. Rab1 g6 19. Rfe1 Nb6 20. b3 a3 {1-0 (39) Kotronias,V (2482)-Altun,A (2274) Ayvalik 2022}) 15. Re1 Qb6 16. Rc1 g6 17. c4 dxc4 18. Rxc4 O-O 19. Ne4 (19. Rc3 {is interesting.} Kg7 20. Qc2 Rcd8 21. Rd1) 19... Qd8 20. Ra4 Ra8 21. Nbc5 Nb6 22. Rb4 ({Reject} 22. Nxb7 Qb8 23. Nec5 (23. Nf6+ $2 Kg7 $17) 23... Nxa4 24. Qxa4 Qc7 $17) 22... Qe7 23. Nf6+ Kg7 $1 24. Qc1 Rab8 25. Rd1 Nd5 (25... Rfd8 $11 {is superior.}) 26. Ra4 Rfd8 27. Nce4 a6 28. a3 Qf8 29. Rc4 Nxf6 30. Nxf6 b5 31. Rxc6 Nxd4 {[%emt 0:00:02] [#] White must now prevent ...Ne2+.} 32. Rxd4 Rxd4 33. Qg5 {[%emt 0:00:23] Strongly threatening Nxh5+.} Qh8 {[%emt 0:01:38] ...Qh6 is the strong threat.} 34. Rc7 {[%emt 0:00:27][%cal Of6h5][%mdl 1024] Hoping for Nxh5+! White has compensation.} Rf8 $1 35. Nd7 (35. Kg2 $1 $14 {might be stronger.}) 35... Re8 (35... Rc8 $11 {keeps the balance.} 36. Ra7 Qd8) 36. Qf6+ $16 Kg8 {[%emt 0:00:05] [#]} 37. Qf3 $1 $36 {[%emt 0:00:21][%mdl 2048] And now Nf6+ would win. Black is under strong pressure.} Kg7 38. Ra7 {[%emt 0:02:24] 0x0.002043f22ba6dp-1022s more active pieces.} ({But not} 38. Nc5 $6 Qf8 $14) ({White should try} 38. b4 $16) 38... Qh6 $2 (38... a5 $14) 39. Nc5 $18 Qc1+ 40. Kg2 {[%emt 0:00:00] Weighted Error Value: White=0.11 (very precise) /Black=0.13 (very precise)} 1-0

[Event "Przeworsk GM norm 2022"]
[Site "Przeworsk"]
[Date "2022.06.04"]
[Round "8.2"]
[White "Neugebauer, Martin"]
[Black "Omelja, Artem"]
[Result "1-0"]
[ECO "C65"]
[WhiteElo "2505"]
[BlackElo "2515"]
[Annotator "TA"]
[PlyCount "83"]
[EventDate "2022.05.30"]
[EventType "tourn"]
[EventCountry "POL"]
[SourceTitle "playchess.com"]
[Source "ChessBase"]
[SourceQuality "1"]
[TimeControl "40/5400+30:1800+30"]

1. e4 e5 2. Nf3 Nc6 3. Bb5 Nf6 4. d3 Bc5 5. c3 O-O 6. O-O d6 7. Nbd2 {[%emt 0:01:39] 7.Re1 deserves study.} a6 {[%emt 0:00:21] C65: Ruy Lopez: Berlin Defence (3...Nf6), unusual lines and 4 0-0 Bc5.} 8. Ba4 b5 9. Bc2 a5 {[%emt 0:02:11] The position is equal.} 10. a4 b4 {[%emt 0:00:08] [#]} 11. Re1 $146 (11. Nb3 $11) ({Predecessor:} 11. Nb3 Bb6 12. Bg5 h6 13. Bh4 g5 14. Bg3 Bg4 15. h3 Bh5 16. Nbd2 Rb8 17. Re1 {0-1 (56) Husemann,A (2230)-Corti,H (2317) LSS email 2016}) 11... h6 (11... Ng4 $17 12. Re2 Bxf2+ 13. Rxf2 Ne3) 12. Nf1 $11 bxc3 13. bxc3 Bb6 14. Ng3 Ne7 15. d4 Ng6 16. Nf5 (16. Be3 $14) 16... Kh7 (16... Re8 $11) 17. Bd2 Qe8 (17... Re8 $11) 18. Qc1 $16 Ng8 19. Rb1 Rb8 20. Ne3 (20. h4 $16) 20... f6 21. h3 N8e7 22. Nc4 Ba6 23. Nxb6 cxb6 24. Qa3 Qc6 25. h4 Qc7 26. Bb3 Nc6 27. Be6 Nge7 28. Rb2 Bc8 29. Qa2 {[%emt 0:00:26] White is much more active.} f5 30. dxe5 (30. exf5 $16 {Strongly threatening g4.} Nxf5 31. Bd5) 30... dxe5 (30... Nxe5 $11 31. Nxe5 dxe5) 31. exf5 Nxf5 32. Bxc8 Qxc8 33. Qb1 Qe6 (33... Kh8 $16) 34. h5 {[%emt 0:04:53] Bf4 is the strong threat.} ({But not} 34. Rxb6 $6 Rxb6 35. Qxb6 e4 $16) 34... Kh8 {[%emt 0:02:42] [#]} (34... Kg8 $16 35. Rxb6 Nd6) 35. Bf4 $1 $18 ({Not} 35. Rxb6 Rxb6 36. Qxb6 e4 $16) 35... Qf7 (35... Nh4 $2 36. Nxh4 Kg8 37. Ng6 $18) 36. Nxe5 Nxe5 37. Bxe5 Rbe8 38. Rxb6 Qxh5 39. Rb5 Qg4 40. Qe4 Qg5 41. Rxa5 Nh4 42. Re3 {[%emt 0:00:26] Inhibits Nf3+.  Weighted Error Value: White=0.20 (precise) /Black=0.36} 1-0

[Event "Przeworsk GM norm 2022"]
[Site "Przeworsk"]
[Date "2022.06.04"]
[Round "8.3"]
[White "Golubka, Petro"]
[Black "Fus, Jakub"]
[Result "1/2-1/2"]
[ECO "B12"]
[WhiteElo "2380"]
[BlackElo "2378"]
[Annotator "TA"]
[PlyCount "119"]
[EventDate "2022.05.30"]
[EventType "tourn"]
[EventCountry "POL"]
[SourceTitle "playchess.com"]
[Source "ChessBase"]
[SourceQuality "1"]
[TimeControl "40/5400+30:1800+30"]

1. e4 c6 2. d4 d5 3. f3 dxe4 4. fxe4 e5 5. Nf3 Bg4 6. Bc4 Nd7 7. Nc3 {[%emt 0:05:19] [#] B12: Caro-Kann: Advance Variation.} (7. c3 $5 ) 7... Bd6 $146 (7... Bb4 {seems wilder.} 8. a3 Ba5 9. dxe5 Bxf3 10. Bxf7+ Kf8) ({Predecessor:} 7... exd4 8. Qxd4 Bxf3 9. gxf3 Ngf6 10. Qf2 {1-0 (10) Albesa,A (1586)-Antonov,I (1714) LSS email 2012}) 8. d5 Nb6 9. Bb3 Nf6 10. dxc6 bxc6 11. h3 Bh5 12. Qe2 Qe7 13. Bg5 h6 14. Bd2 a5 {[%emt 0:07:59] Strongly threatening ...Bxf3.} 15. Na4 (15. g4 $11 a4 16. Qf2 (16. gxh5 axb3 17. cxb3 Nxh5 $11)) 15... Nbd7 (15... Nxa4 $1 $15 16. Bxa4 O-O) 16. c3 {[%emt 0:04:20] White is more active.} ({White should play} 16. O-O-O $14) 16... O-O 17. O-O-O Nc5 18. Nxc5 Bxc5 19. Kb1 Bg6 20. Bc2 Nh5 21. Qe1 {[%emt 0:00:15] Prevents Ng3.} a4 22. Nh4 Nf4 (22... Rfb8 $142 23. Nxg6 fxg6) 23. g3 $11 Ne6 (23... Qb7 $11 24. Bc1 (24. gxf4 Rfb8 $11) 24... Nh5) 24. Qe2 (24. Nxg6 $14 fxg6 25. Qe2) 24... Kh7 (24... Bh7 $1 $11) 25. Bc1 a3 {[%emt 0:04:23] Threatens to win with ...axb2.} 26. b3 Bb6 (26... Nc7 $14) 27. Rhf1 $16 Qc5 28. Qe1 Rfd8 29. Rxd8 Rxd8 30. Nxg6 fxg6 31. h4 Rf8 {[%emt 0:01:40] Prevents Rf3.} 32. Rxf8 Qxf8 33. g4 Bf2 (33... Qf3 $1 $11) 34. Qf1 Qf6 (34... Bxh4 $16 {is a better defense.} 35. Qxf8 Nxf8) 35. g5 Qf3 {[%emt 0:02:30] [#]} 36. gxh6 $1 ({Of course not} 36. Bxa3 $6 h5 $14) 36... Nc5 {[%emt 0:01:04] [#]} 37. hxg7 ({Don't take} 37. Bxa3 $6 Nxe4 38. Bxe4 Qxe4+ 39. Kb2 Bxh4 $14) ({White must play} 37. h5 $1 $16 gxh5 38. Bxa3) 37... Kxg7 $11 38. Qd1 Qxc3 {[%emt 0:04:48] ( -> ...Bd4)} ({Don't play} 38... Qxd1 39. Bxd1 Nxe4 40. Kc2 $16) 39. Qd2 Qxd2 40. Bxd2 {[%emt 0:00:00][%mdl 4096] Endgame KBB-KBN} Ne6 41. Bc1 Bc5 42. Bd2 Be7 43. Be1 Nf4 44. b4 Ne2 45. Bd1 Nd4 46. Bg3 Kf6 47. Be1 Bf8 48. Bg4 Bh6 49. Bc3 Nb5 50. Be1 Nd4 $1 51. Bc3 Ke7 52. Bxd4 exd4 {[%emt 0:00:04] KB-KB} 53. Kc2 Kd6 54. Kd3 Be3 55. Bd1 Bf2 56. h5 gxh5 57. Bxh5 Be1 58. Kxd4 {[%emt 0:00:28] White has an edge.} Bxb4 59. e5+ Ke7 60. Ke4 {[%emt 0:00:04] Weighted Error Value: White=0.14 (very precise) /Black=0.19 (very precise)} 1/2-1/2

[Event "Przeworsk GM norm 2022"]
[Site "Przeworsk"]
[Date "2022.06.04"]
[Round "8.4"]
[White "Licznerski, Lukasz"]
[Black "Teclaf, Pawel"]
[Result "1/2-1/2"]
[ECO "C82"]
[WhiteElo "2439"]
[BlackElo "2537"]
[Annotator "TA"]
[PlyCount "86"]
[EventDate "2022.05.30"]
[EventType "tourn"]
[EventCountry "POL"]
[SourceTitle "playchess.com"]
[Source "ChessBase"]
[SourceQuality "1"]
[TimeControl "40/5400+30:1800+30"]

1. e4 e5 2. Nf3 Nc6 3. Bb5 a6 4. Ba4 Nf6 5. O-O Nxe4 6. d4 b5 7. Bb3 d5 8. dxe5 Be6 9. c3 Bc5 10. Nbd2 O-O 11. Bc2 Nxf2 12. Rxf2 Bxf2+ 13. Kxf2 f6 14. exf6 Qxf6 15. Nf1 Ne5 16. Be3 Rae8 17. Bd4 Qh4+ {[%emt 0:11:21] C82: Open Ruy Lopez: 9 c3 without 9...Be7.} 18. Kg1 Nxf3+ 19. gxf3 Bf5 (19... Bh3 $11) 20. Bxf5 $1 $14 Rxf5 21. Ng3 {[%emt 0:00:41] [#]} Rf7 $146 ({Predecessor:} 21... Rf4 22. a4 bxa4 23. Rxa4 c5 24. Bxg7 d4 25. cxd4 Kxg7 26. dxc5 Kh8 27. Re4 Rfxe4 28. Nxe4 {1-0 (34) Nakamura,T-Dudley,B IECG email 2004}) 22. Qd3 Qh3 23. Qf1 Qd7 24. Rd1 Qd6 25. b4 {[%emt 0:00:50] Prevents c5.} Qf4 26. Kg2 c6 27. Qd3 Re6 28. Rd2 Rfe7 29. Re2 (29. Rf2 $16) 29... Qg5 {[%emt 0:04:19] [#] And now ...Rxe2+ would win.} 30. Rxe6 Rxe6 31. Bf2 h5 32. h4 Qxh4 33. Qf5 {[%emt 0:00:15][%csl LRe6,LRh5] Prevents Qg5.} Rf6 34. Qxh5 Qc4 35. Nf5 ({Reject} 35. Qe8+ Kh7 $11) (35. Qg5 $16) 35... Qd3 $11 36. Qe8+ $40 {[%emt 0:01:50][%mdl 128] White is up to no good.} Kh7 37. Qh5+ Kg8 38. Ne7+ Kf8 {[%emt 0:00:07][%mdl 1024] Black has strong compensation.} 39. Bc5 {[%emt 0:00:25][%csl LRc6,LRd5] The position is equal.} Qe2+ 40. Kg3 Qe1+ 41. Kg4 {[%emt 0:18:20] [#] Threatening mate with Qh8+.} Qe6+ 42. Kh4 {[%emt 0:00:18] Qh8+ would kill now.} Qe1+ 43. Kg4 {[%emt 0:00:13] White wants to mate with Qh8+. The board is on fire.} Qe6+ {[%emt 0:00:05] Weighted Error Value: White=0.12 (very precise) /Black=0.11 (very precise)} 1/2-1/2

[Event "Przeworsk GM norm 2022"]
[Site "Przeworsk"]
[Date "2022.06.04"]
[Round "8.5"]
[White "Baum, Jonasz"]
[Black "Mikrut, Dariusz"]
[Result "1-0"]
[ECO "E81"]
[WhiteElo "2409"]
[BlackElo "2361"]
[Annotator "TA"]
[PlyCount "107"]
[EventDate "2022.05.30"]
[EventType "tourn"]
[EventCountry "POL"]
[SourceTitle "playchess.com"]
[Source "ChessBase"]
[SourceQuality "1"]
[TimeControl "40/5400+30:1800+30"]

1. d4 Nf6 2. c4 g6 3. Nc3 Bg7 4. e4 d6 5. f3 O-O 6. Nge2 c5 7. d5 e6 8. Ng3 h5 {[%emt 0:00:27] E81: King's Indian: Sämisch: 6th move deviations (including 6 Be3 c6).} 9. Bg5 exd5 10. cxd5 a6 {[%emt 0:03:07] The position is equal. outshines the older 10...Qb6.} 11. a4 Qb6 12. Qd2 Nh7 13. a5 Qc7 14. Bh4 {[%emt 0:00:30] [#]} f6 $146 ({Predecessor:} 14... Nd7 15. Be2 b5 16. axb6 Qxb6 17. O-O Rb8 18. Ra2 Re8 19. Nh1 Qb4 20. Nf2 Ne5 {½-½ (51) Vitiugov,N (2741)-Guseinov,G (2607) Antalya 2013}) 15. e5 fxe5 16. Nge4 Rf4 17. Bg3 {[%emt 0:06:43][%mdl 1024] White has strong compensation. White is more active.} Rf7 18. Na4 Nd7 {[%emt 0:13:27] Against Nb6} 19. b4 (19. Bd3 $1 $14) 19... Nhf6 {[%emt 0:14:18] Hoping for ...Nxe4.} 20. Bd3 cxb4 (20... Nxd5 $2 21. Bc4 N7f6 22. Bxd5 Nxd5 23. Qxd5 cxb4 24. Nb6 $18) 21. O-O {[%emt 0:10:19] [#]} (21. Qxb4 $11 {remains equal.} Nxd5 22. Qd2) 21... Nxe4 $1 $17 (21... Nxd5 $2 22. Rfc1 Qxa5 23. Nxd6 $18) (21... Qxa5 22. Nxd6 Qxd5 23. Nxf7 Qxf7 24. Qxb4 $16) 22. Bxe4 Nf8 (22... Qxa5 $5 23. Bxg6 Rf6 $15) 23. Nb6 $36 {[%emt 0:02:56][%mdl 2048] White has some pressure.} Rb8 (23... Qc5+ $2 24. Bf2 Qc3 25. Qxc3 bxc3 26. Nxa8 $18) 24. Rac1 Qd8 25. Qxb4 Bf5 26. Nc4 Rd7 27. Nb6 Rc7 {[%emt 0:00:37][%mdl 8192] [#] Black is now going downhill.} (27... Rf7 $11) 28. Bh4 $1 $18 {[%emt 0:01:27][%mdl 576] Deflection} Qxh4 29. Rxc7 Bh6 30. Qe1 {[%emt 0:04:33] Inhibits Be3+.} Qd8 31. Rc2 Bf4 (31... Bd7 {was called for.} 32. Nxd7 Qxd7) 32. Bxf5 gxf5 33. g3 Bh6 34. f4 e4 35. Qc3 Bg7 36. Qc7 Bd4+ 37. Kh1 {[%emt 0:00:58] Nc8 is the strong threat.} Qe8 (37... Bc5 {is tougher.} 38. Qxd8 Rxd8) 38. Qc4 $2 (38. Nc8 Rxc8 39. Qxc8) 38... Bc5 39. Na4 Nd7 40. Rb1 ({But not} 40. Nxc5 $6 Nxc5 41. Rb1 Qf7 $14) 40... Qd8 (40... Ba7 {keeps fighting.} 41. Qc3 e3) 41. Qc3 ({Resist} 41. Nxc5 $6 Nxc5 42. Rb6 Qf8 $18) 41... Kf7 42. Rcb2 {[%emt 0:03:41] Really sharp!} ({Less strong is} 42. Nxc5 Nxc5 43. Rb6 Qe7 $16) 42... Qc7 43. Rb3 Kg6 44. Kg2 Kf7 45. h3 Kg6 $2 (45... Nf6 46. Nxc5 dxc5) 46. g4 hxg4 (46... h4 $142 47. gxf5+ Kf7) 47. hxg4 fxg4 48. f5+ Kf7 49. Rh1 {[%emt 0:00:22] White threatens Rh7+ and mate.} Rf8 50. Rh7+ Ke8 51. Qg7 Kd8 52. Rh8 (52. Rc3 $142 Rxf5 {[#]} 53. Rxc5 $1 dxc5 54. Qe7+ Kc8 55. Nb6+ Qxb6 56. axb6 Rf2+ 57. Kxf2 g3+ 58. Kxg3 Nxb6 59. Rh8#) 52... Rxh8 53. Qxh8+ Ke7 54. f6+ {[%emt 0:00:09] Weighted Error Value: White=0.22 (precise) /Black=0.50} 1-0

[Event "Przeworsk GM norm 2022"]
[Site "Przeworsk"]
[Date "2022.06.05"]
[Round "9.1"]
[White "Mikrut, Dariusz"]
[Black "Stefansson, Hannes"]
[Result "0-1"]
[ECO "B30"]
[WhiteElo "2361"]
[BlackElo "2534"]
[Annotator "TA"]
[PlyCount "74"]
[EventDate "2022.05.30"]
[EventType "tourn"]
[EventCountry "POL"]
[SourceTitle "playchess.com"]
[Source "ChessBase"]
[SourceQuality "1"]
[TimeControl "40/5400+30:1800+30"]

1. e4 c5 2. Nf3 Nc6 3. Bb5 e6 4. O-O Nge7 5. c3 d5 6. exd5 Qxd5 7. d4 cxd4 8. Nxd4 (8. Ba4 $142) 8... Bd7 $11 {[%emt 0:00:23] B30: Sicilian: 2...Nc6 3 Bb5, lines without ...g6.} 9. Be3 Nxd4 10. Bxd7+ (10. c4 {seems wilder.} Qd6 11. Bxd7+ Qxd7 12. Qxd4 Nf5 13. Qe4) 10... Qxd7 {[%emt 0:01:06] Black has an edge.} 11. Qxd4 Qxd4 12. Bxd4 Nf5 {[%emt 0:00:31] [#]} 13. Be3 $146 ({Predecessor:} 13. Be5 f6 14. Bf4 O-O-O 15. a4 Rd3 16. Bc1 a6 17. Na3 Bc5 18. Re1 e5 19. Nc4 {0-1 (42) Ismailov,T (2054)-Vakhidov,J (2542) Tashkent 2017}) 13... Nxe3 14. fxe3 Rd8 15. Kf2 Rd5 16. Ke2 Bd6 17. h3 Rb5 18. b3 Rg5 19. Rf2 (19. Kf3 $1 $15) 19... Bg3 $36 {[%emt 0:00:50][%mdl 2048] Black has strong initiative.} 20. Rf3 Be5 21. Rf2 Ke7 22. a4 Bg3 23. Rf3 Rc8 24. Kd3 Be1 25. g4 h5 26. Rf4 hxg4 27. hxg4 Rd5+ 28. Rd4 Rdc5 29. c4 (29. Rc4 $15) 29... e5 30. Re4 {[%emt 0:01:05] [#]} (30. Na3 $17 Bb4 31. Rd5) 30... Rd8+ $1 $19 31. Ke2 Bb4 {[%emt 0:00:25] 0x0.000bd51018b7dp-1022s more active pieces.} 32. Ra2 (32. a5 $17 Ke6 33. a6) 32... Kf6 33. Rc2 (33. a5 {keeps fighting.}) 33... a5 {[%emt 0:06:32] Threatens to win with ...Kg5.} 34. Rc1 Kg5 35. Rf1 {[%emt 0:05:39] [#]} f6 {[%emt 0:01:13] Black is winning.} 36. Rf5+ Kg6 37. Rh5 Rcc8 {[%emt 0:06:30] Weighted Error Value: White=0.23 (precise) /Black=0.06 (flawless)} 0-1

[Event "Przeworsk GM norm 2022"]
[Site "Przeworsk"]
[Date "2022.06.05"]
[Round "9.2"]
[White "Teclaf, Pawel"]
[Black "Baum, Jonasz"]
[Result "1-0"]
[ECO "A13"]
[WhiteElo "2537"]
[BlackElo "2409"]
[Annotator "TA"]
[PlyCount "101"]
[EventDate "2022.05.30"]
[EventType "tourn"]
[EventCountry "POL"]
[SourceTitle "playchess.com"]
[Source "ChessBase"]
[SourceQuality "1"]
[TimeControl "40/5400+30:1800+30"]

1. c4 e6 2. Nf3 d5 3. e3 Nf6 4. Nc3 Be7 5. b3 O-O 6. Bb2 c5 7. cxd5 exd5 8. d4 {[%emt 0:01:17] A13: English Opening: 1...e6.} Nc6 9. Be2 Be6 10. O-O {[%emt 0:01:16] White is slightly better.} Rc8 11. Rc1 cxd4 12. Nxd4 Bd6 {[%emt 0:02:29] [#]} 13. Qd3 $5 $146 {[%emt 0:24:59][%mdl 8] New and interesting.} ({Predecessor:} 13. Na4 Ne4 14. Bf3 Ng5 15. Be2 Ne4 16. Bf3 Ng5 17. Be2 Qe7 18. Nb5 Bb8 19. Ba3 {0-1 (40) Brunner,L (2475)-Maze,S (2578) Switzerland 2009}) 13... Bb8 14. g3 Bh3 15. Rfd1 Qe7 16. Nxc6 bxc6 17. Qd4 Rfd8 18. Na4 Bd6 19. Qh4 Bf5 20. Bxf6 Qxf6 21. Qxf6 gxf6 22. Nc5 Be5 23. Rd2 {[%emt 0:00:40] Against Bb2} Rb8 24. Kg2 Kf8 25. Bd3 Bxd3 (25... Bc8 $16 {is a better defense.}) 26. Nxd3 $18 Rb6 27. Rdc2 Rc8 28. Rc5 Rc7 29. Nxe5 fxe5 30. Rxd5 $1 {[%emt 0:00:03][%mdl 4096] Endgame KRR-KRR} f6 31. Rdc5 Ke7 32. Kf3 Kd6 33. Ke4 f5+ 34. Kf3 Ra6 {[%emt 0:02:17] [#]} 35. R5c2 Ra5 36. e4 fxe4+ 37. Kxe4 Rd5 38. Ke3 a5 39. Rd2 Rf7 40. Rcc2 Rf8 (40... a4 $16 41. bxa4 c5) 41. Ke4 Rd8 42. Rd3 Rd7 (42... Rxd3 $142 43. Kxd3 Rf8) 43. Rc4 Ke7 44. Rdc3 Rd2 {[%emt 0:04:48] [#]} 45. Rc2 $1 ({Much less strong is} 45. Kxe5 Re2+ 46. Re4 Rxf2 47. Rxc6 Rxa2 $16) 45... Kf6 46. Rxc6+ Kg5 47. h3 {[%emt 0:04:28] Threatens to win with f4+.} h5 $2 (47... R7d5 $18 48. R2c4 Rb5 49. h4+ Kh5) 48. f4+ {[%emt 0:00:53] White mates.} exf4 49. R2c5+ R7d5 50. Rxd5+ Rxd5 51. gxf4+ {[%emt 0:00:04] Weighted Error Value: White=0.06 (flawless) /Black=0.36} 1-0